 Dungeon Crawl Stone Soup version 0.22.1-2-g9c5b331383 (webtiles) character file.

1334 Peloso the Slasher (level 8, -8/70 HPs)
             Began as a Minotaur Fighter on Nov 24, 2018.
             Mangled by Menkaure (19 damage)
             ... on level 7 of the Dungeon.
             The game lasted 00:09:19 (4931 turns).

Peloso the Slasher (Minotaur Fighter)               Turns: 4931, Time: 00:09:21

Health: -8/70      AC: 13    Str: 22    XL:     8   Next: 34%
Magic:  7/7        EV:  6    Int:  5    God:
Gold:   285        SH: 12    Dex: 11    Spells: 7/7 levels left

rFire    . . .     SeeInvis .   a - +0 long sword
rCold    + . .     Gourm    .   c - +0 shield
rNeg     . . .     Faith    .   E - +0 plate armour
rPois    +         Spirit   .   (helmet restricted)
rElec    .         Reflect  +   (no cloak)
rCorr    .         Harm     .   (no gloves)
MR       .....                  (no boots)
Stlth    ..........             i - +2 amulet of reflection
HPRegen  0.21/turn              q - ring of poison resistance
MPRegen  0.10/turn              y - ring of protection from cold

@: no status effects
A: retaliatory headbutt, horns 2
a: no special abilities


You were on level 7 of the Dungeon.
You were very hungry.

You visited 1 branch of the dungeon, and saw 7 of its levels.

You collected 285 gold pieces.

Inventory:

Hand Weapons
 a - a +0 long sword (weapon)
Armour
 b - a +0 scale mail
 c - a +0 shield (worn)
 E - a +0 plate armour (worn)
Jewellery
 i - a +2 amulet of reflection (around neck)
 o - an uncursed amulet of magic regeneration
 q - a ring of poison resistance (left hand)
 s - an uncursed ring of ice
 x - an uncursed ring of protection from fire
 y - a ring of protection from cold (right hand)
Wands
 D - a wand of flame (14)
Scrolls
 g - 4 scrolls of teleportation
 j - a scroll of fear {unknown}
 n - a scroll of amnesia {unknown}
 p - 2 scrolls of fog {unknown}
 r - 3 scrolls of remove curse {unknown}
 u - 2 scrolls of immolation {unknown}
 w - a scroll of noise {unknown}
 B - a scroll of random uselessness {unknown}
 C - a scroll of enchant weapon {unknown}
 F - a scroll of magic mapping {unknown}
 H - a scroll of blinking {unknown}
Potions
 d - 4 potions of might
 e - a potion of berserk rage
 l - 2 potions of heal wounds
 m - 4 potions of mutation
 t - 2 potions of magic
 v - a potion of haste
 z - 2 potions of agility
 A - a potion of ambrosia {unknown}
 G - a potion of flight {unknown}
 I - a potion of invisibility {unknown}
Comestibles
 f - 16 rations


   Skills:
 + Level 5.9 Fighting
 + Level 7.2 Long Blades
 + Level 7.0 Armour
 + Level 2.4 Dodging
 + Level 0.8 Stealth
 + Level 6.6 Shields


You had 7 spell levels left.
You didn't know any spells.
Your spell library was empty.

Dungeon Overview and Level Annotations

Branches:
Dungeon (7/15)
 Temple: D:4-7

Altars:
Kikubaaqudgha
Qazlal
Vehumet
The Shining One

Annotations:
D:7 Menkaure


Innate Abilities, Weirdness & Mutations

You reflexively headbutt those who attack you in melee.
You have a pair of horns on your head.


Message History

Menkaure hits you but does no damage.
You hit Menkaure. Your headbutt misses Menkaure.
Menkaure is severely damaged.
Menkaure points at you and mumbles some strange words.
Pain shoots through your body!
The phantom blinks!
Menkaure hits you!
You hit Menkaure but do no damage. Your headbutt misses Menkaure.
Menkaure is severely damaged.
Menkaure casts a spell at you. Pain shoots through your body!
You hit Menkaure but do no damage.
Menkaure is severely damaged.
Menkaure hits you!
* * * LOW HITPOINT WARNING * * *
You hit Menkaure. Your headbutt misses Menkaure.
Menkaure is almost destroyed.
Menkaure gestures at you while chanting.
Pain shoots through your body!
* * * LOW HITPOINT WARNING * * *
The phantom blinks!
Menkaure hits you!!
You die...

.## #. .<. .
# #.#.#
#.##.#.# .
#......# ?..
####W###....(
#§W....M.....
#M##.##......
#@##.# #####
#W#..# #.#.##
#.#. #...
###. .. ##


You could see 2 phantoms and Menkaure.

Vanquished Creatures
  An orc warrior (D:5)
  A sky beast (D:5)
  2 ogres (D:5)
  A centaur (D:6)
  3 bullfrogs (D:6)
  A scorpion (D:5)
  2 howler monkeys
  A centaur zombie (D:6)
  A centaur skeleton (D:6)
  2 orc priests (D:3)
  2 orc wizards
  2 iguanas
  2 worker ants (D:5)
  A worker ant zombie (D:6)
  12 adders
  An ooze (D:2)
  An adder zombie (D:3)
  3 adder skeletons
  2 worms
  A dart slug (D:1)
  7 leopard geckos
  30 orcs
  A ball python (D:1)
  7 bats
  4 giant cockroaches
  12 goblins
  9 hobgoblins
  3 jackals (D:2)
  10 kobolds
  4 frilled lizards
  A leopard gecko skeleton (D:4)
  A leopard gecko zombie (D:5)
  A quokka skeleton (D:5)
  4 rats
136 creatures vanquished.

Vanquished Creatures (others)
  A kobold (D:3)
1 creature vanquished.

Grand Total: 137 creatures vanquished

Notes
Turn   | Place    | Note
-------+----------+-------------------------------------------
     0 | D:1      | Peloso the Minotaur Fighter began the quest for the Orb.
     0 | D:1      | Reached XP level 1. HP: 19/19 MP: 0/0
   185 | D:1      | Reached XP level 2. HP: 27/27 MP: 1/1
   528 | D:2      | Reached XP level 3. HP: 33/33 MP: 2/2
   688 | D:2      | Reached XP level 4. HP: 30/40 MP: 3/3
   708 | D:2      | Reached skill level 1 in Dodging
  1017 | D:2      | Found an ancient bone altar of Kikubaaqudgha.
  1121 | D:2      | Found a faded altar of an unknown god.
  1354 | D:3      | Reached XP level 5. HP: 46/46 MP: 4/4
  1607 | D:3      | Reached skill level 5 in Shields
  1653 | D:3      | Reached skill level 5 in Armour
  1854 | D:3      | Reached XP level 6. HP: 52/53 MP: 5/5
  1856 | D:3      | Found a stormy altar of Qazlal.
  1856 | D:3      | Found a radiant altar of Vehumet.
  1873 | D:3      | Found a glowing golden altar of the Shining One.
  2474 | D:5      | Entered Level 5 of the Dungeon
  2807 | D:5      | Reached skill level 5 in Fighting
  2807 | D:5      | Reached skill level 5 in Long Blades
  2858 | D:5      | Reached XP level 7. HP: 57/61 MP: 6/6
  2931 | D:5      | Found a glowing golden altar of the Shining One.
  3482 | D:6      | Found a radiant altar of Vehumet.
  3991 | D:6      | Reached XP level 8. HP: 59/70 MP: 7/7
  4760 | D:7      | Noticed Menkaure
  4931 | D:7      | Mangled by Menkaure

Skill      XL: |  1  2  3  4  5  6  7  8 |
---------------+-------------------------+-----
Shields        | 4 5 6 |  6.6
Fighting       | 4 5 |  5.9
Armour         | 4 5 6 7 |  7.0
Long Blades    | 3 4 5 6 7 |  7.2
Dodging        | 1 2 |  2.4
Stealth        | |  0.8

Action                   |  1- 3 |  4- 6 |  7- 9 || total
-------------------------+-------+-------+-------++-------
Melee: Long sword        |    81 |   205 |   164 ||   450
       Headbutt          |    13 |    37 |    32 ||    82
  Use: Potion            |       |     1 |       ||     1
       Scroll            |       |       |     7 ||     7
  Eat: Chunk             |       |     7 |     2 ||     9
       Ration            |       |       |     1 ||     1
Armor: Scale mail        |    32 |    66 |    17 ||   115
       Plate armour      |       |       |    41 ||    41
Dodge: Dodged            |    27 |    64 |    38 ||   129
Block: Shield            |    36 |   153 |    88 ||   277
       Reflection        |       |     4 |     1 ||     5
       Rpst.: Long sword |     7 |    20 |    10 ||    37
